 Dungeon Crawl Stone Soup version 0.29.0-4-gdea44cf6ec (webtiles) character file.

Game seed: 3448561432313832541

12 fingers the Ducker (level 2, -1/22 HPs)
             Began as a Vampire Gladiator on Aug 26, 2022.
             Slain by a kobold
             ... wielding a +2 dagger of speed
              (3 damage)
             ... on level 1 of the Dungeon.
             The game lasted 00:01:36 (295 turns).

fingers the Ducker (Vampire Gladiator)               Turns: 295, Time: 00:01:37

Health: -1/22      AC:  4    Str: 13    XL:     2   Next: 20%
Magic:  2/2        EV: 13    Int: 10    God:
Gold:   55         SH:  0    Dex: 15    Spells: 1/1 levels left

rFire   . . .      SeeInvis +   a - +0 rapier
rCold   . . .      Faith    .   (no shield)
rNeg    . . .      Spirit   .   b - +0 leather armour
rPois   .          Reflect  .   c - +0 helmet
rElec   .          Harm     .   (no cloak)
rCorr   .          Rampage  .   (no gloves)
Will    .....                   (no boots)
Stlth   +.........              (no amulet)
HPRegen 0.27/turn               (no ring)
MPRegen 0.08/turn               (no ring)

@: healing quickly
A: alive, fangs 3, see invisible, vampiric 1
a: Exsanguinate


You were on level 1 of the Dungeon.
You visited 1 branch of the dungeon, and saw 1 of its levels.

You collected 55 gold pieces.

Inventory:

Hand Weapons
 a - a +0 rapier (weapon)
Missiles
 d - 3 throwing nets
 e - a javelin (quivered)
Armour
 b - a +0 leather armour (worn)
 c - a +0 helmet (worn)
Potions
 f - a potion of invisibility {unknown}


   Skills:
 * Level 1.8 Fighting
 * Level 3.6 Short Blades
 + Level 1.6 Throwing
 * Level 3.7 Dodging


You had one spell level left.
You didn't know any spells.
Your spell library contained the following spells:

 Spells                   Type           Power      Damage    Failure   Level
 Beastly Appendage        Tmut           0%         N/A       43%         1
 Wereblood                Tmut           0%         N/A       58%         2
 Spider Form              Tmut/Pois      0%         N/A       82%         3


Dungeon Overview and Level Annotations

Branches:
Dungeon (1/15)

Altars:


Innate Abilities, Weirdness & Mutations

Your natural rate of healing is accelerated.
You have razor-sharp teeth.
You have supernaturally acute eyesight. (SInv)
You are afflicted with vampirism.


Message History

The endoplasm freezes you.
You are frozen.
A kobold comes into view. It is wielding a +2 dagger of speed.
You hit the endoplasm.
The endoplasm is severely wounded.
The endoplasm freezes you.
You are frozen.
You hit the endoplasm but do no damage.
The endoplasm is severely wounded.
The endoplasm freezes you.
You are frozen.
You completely miss the endoplasm.
The endoplasm is severely wounded.
The endoplasm freezes you.
You are frozen.
* * * LOW HITPOINT WARNING * * *
You completely miss the endoplasm. You bite the endoplasm.
You kill the endoplasm!
You barely miss the hobgoblin. The hobgoblin hits you.
* * * LOW HITPOINT WARNING * * *
You hit the hobgoblin but do no damage. The hobgoblin misses you.
You closely miss the hobgoblin. The hobgoblin barely misses you.
You hit the hobgoblin. Your bite misses the hobgoblin.
The hobgoblin is almost dead.
The hobgoblin barely misses you.
You are too injured to fight recklessly!
You hit the hobgoblin but do no damage. Your bite misses the hobgoblin.
The hobgoblin is almost dead.
The hobgoblin barely misses you.
You hit the hobgoblin.
You kill the hobgoblin!
The kobold throws a stone.
The stone barely misses you.
The kobold hits you with a +2 dagger of speed.
* * * LOW HITPOINT WARNING * * *
You barely miss the kobold. The kobold barely misses you.
You closely miss the kobold. Your bite misses the kobold.
The kobold barely misses you. x2
You barely miss the kobold.
The kobold hits you with a +2 dagger of speed.
You die...

#..###.#.#
#.#...##.#######
#.#............#
#.#.####.#####.#
#.#.# #.# #.#.#
#.# (...# #.#
....####.#
..##.K@.#
.[.....###
..(.... .......
....... .......
....... .......


You could see a kobold.

Vanquished Creatures
  A bat (D:1)
  2 endoplasms (D:1)
  A goblin (D:1)
  2 hobgoblins (D:1)
  2 jackals (D:1)
  A ball python (D:1)
  A kobold (D:1)
10 creatures vanquished.

Notes
Turn   | Place    | Note
-------+----------+-------------------------------------------
     0 | D:1      | fingers the Vampire Gladiator began the quest for the Orb.
     0 | D:1      | Reached XP level 1. HP: 16/16 MP: 1/1
     8 | D:1      | Noticed a snapping turtle
     8 | D:1      | Noticed a black bear
     8 | D:1      | Noticed a rime drake
     9 | D:1      | Noticed a salamander
   203 | D:1      | Reached XP level 2. HP: 19/22 MP: 2/2
   286 | D:1      | HP: 1/22 [hobgoblin (4)]
   292 | D:1      | HP: 1/22 [kobold/+2 dagger of speed (2)]
   295 | D:1      | Slain by a kobold

Illustrated notes

Levels and vault maps discovered:
D:1:      onia_arrival_zoo_common, layout_loops_ring

Action                   || total
-------------------------++-------
Melee: Rapier            ||    46
       Bite              ||     4
Armor: Leather armour    ||    20
Dodge: Dodged            ||    48
